Map: Prion Terraces

Players

Lilbow - Winner!

  • Race: Protoss Protoss
  • League: Grandmaster

hinO

  • Race: Zerg Zerg
  • League: Grandmaster

Event: DreamHack ZOWIE Open Leipzig

VOD

Have the link to the VOD?

Description

Time

  • Played on: Jan. 22, 2016, 7:38 a.m.
  • Length: 6:41

All games in this series

Show
View Real Time Build Order
Export as new Build Order

Lilbow Protoss - Winner!

Build Orders: 1 Gate Expand, Mass Adepts 

Get SALT Encoding   

  12  0:00  Probe (Chrono Boost)  
  13  0:13  Pylon  
  13  0:17  Probe (Chrono Boost)  
  14  0:28  Probe (Chrono Boost)  
  15  0:33  Gateway  
  15  0:38  Probe (Chrono Boost)  
  16  0:43  Assimilator  
  16  0:49  Probe (Chrono Boost)  
  17  1:00  Probe (Chrono Boost)  
  17  1:02  Gateway  
  18  1:10  Probe (Chrono Boost)  
  19  1:20  Cybernetics Core  
  19  1:40  Nexus  
  19  1:44  Pylon  
  21  1:56  Adept (Chrono Boost)  
  21  1:57  Pylon  
  21  1:58  Assimilator  
  21  2:00  Adept (Chrono Boost)  
  21  2:01  Warp Gate (Chrono Boost)  
  23  2:02  Probe  
  23  2:07  Pylon  
  24  2:13  Gateway  
  24  2:16  Probe  
  24  2:21  Adept (Chrono Boost)  
  27  2:28  Probe  
  28  2:40  Probe  
  29  2:46  Adept (Chrono Boost)  
  31  2:52  Mothership Core  
  33  3:09  Nexus  
  33  3:18  Adept (Chrono Boost)  
  35  3:27  Probe  
  35  3:30  Pylon  
  36  3:35  Twilight Council  
  36  3:39  Probe  
  37  3:51  Probe  
  38  4:03  Probe (Chrono Boost)  
  39  4:14  Probe (Chrono Boost), Adept x2  
  39  4:16  Resonating Glaives (Chrono Boost)  
  44  4:20  Pylon  
  44  4:24  Probe  
  44  4:26  Probe  
  46  4:34  Adept x2  
  51  4:41  Gateway  
  51  4:44  Probe  
  51  4:45  Probe  
  52  4:54  Probe  
  52  4:55  Adept x2  
  52  4:57  Probe  
  58  5:02  Pylon  
  58  5:08  Gateway  
  58  5:15  Probe, Adept x2  
  58  5:16  Probe  
  58  5:18  Assimilator  
  64  5:26  Probe  
  65  5:28  Assimilator  
  65  5:29  Probe  
  66  5:37  Sentry  
  66  5:38  Stalker  
  66  5:47  Sentry  
  58  6:00  Pylon x2  
  58  6:02  Pylon x3  
  58  6:03  Pylon  
  49  6:13  Pylon  
  49  6:19  Sentry x2  
  49  6:20  Stalker  
Show
View Real Time Build Order
Export as new Build Order

hinO Zerg 

Build Orders: Pool First 

Get SALT Encoding   

  12  0:17  Spawning Pool  
  11  0:22  Drone  
  11  0:27  Drone  
  13  0:31  Drone  
  14  0:40  Overlord  
  15  1:04  Zergling x4  
  15  1:05  Zergling x2  
  15  1:07  Queen  
  19  1:16  Zergling x2  
  20  1:26  Zergling x2  
  21  1:36  Hatchery  
  21  1:39  Zergling x2  
  21  1:47  Overlord  
  21  2:00  Zergling x2  
  22  2:10  Zergling x2  
  23  2:16  Zergling x6  
  26  2:24  Zergling x2  
  25  2:36  Extractor  
  23  2:38  Drone  
  24  2:46  Drone x4  
  24  2:48  Drone  
  29  2:53  Queen  
  31  3:01  Drone x2  
  33  3:08  Drone  
  33  3:10  Drone  
  35  3:17  Overlord  
  35  3:23  Roach Warren  
  35  3:26  Drone x2  
  36  3:32  Overlord  
  36  3:38  Drone x3  
  39  3:43  Extractor  
  39  3:46  Metabolic Boost  
  39  3:48  Drone  
  39  3:49  Zergling x2  
  40  3:59  Zergling x6  
  42  4:04  Roach x2  
  42  4:06  Overlord  
  46  4:11  Drone, Extractor  
  46  4:16  Roach  
  48  4:19  Roach  
  48  4:20  Roach  
  52  4:26  Roach  
  52  4:29  Overlord  
  54  4:32  Roach  
  54  4:36  Roach  
  58  4:40  Roach  
  58  4:45  Overlord  
  60  4:47  Ravager  
  60  4:49  Zergling x2  
  62  4:54  Zergling x4  
  62  4:58  Ravager  
  62  4:59  Overlord  
  65  5:05  Ravager  
  66  5:07  Zergling x4  
  66  5:13  Zergling x4  
  70  5:15  Ravager  
  70  5:19  Zergling x4  
  73  5:24  Ravager  
  73  5:26  Overlord  
  72  5:37  Roach x3  
  72  5:41  Roach  
  72  5:42  Zergling x2  
  74  5:46  Zergling x2  
  51  6:09  Roach x2  

Tags
 
Add a new tag
Caveats
  • Supply blocks, unpowered buildings, or Contaminate may cause inaccurate times.
  • Supply counts are checked every 10 seconds.